 Dungeon Crawl Stone Soup version 0.30.1-4-g462c640d31 (webtiles) character file.

Game seed: 12604302778088214225

84 rvierbuc the Slasher (level 4, 0/33 HPs)
             Began as a Demonspawn Gladiator on Aug 24, 2023.
             Slain by an orc
             ... wielding a +1 whip of electrocution
              (16 damage)
             ... on level 3 of the Dungeon.
             The game lasted 00:03:48 (1701 turns).

rvierbuc the Slasher (Demonspawn Gladiator)         Turns: 1701, Time: 00:03:48

Health: 0/33       AC:  7    Str: 17    XL:     4   Next: 23%
Magic:  4/4        EV: 11    Int:  9    God:
Gold:   137        SH:  0    Dex: 16    Spells: 3/3 levels left

rFire   . . .        a - +0 long sword
rCold   . . .        (no shield)
rNeg    . . .        p - +0 scale mail
rPois   .            c - +0 helmet
rElec   .            (no cloak)
rCorr   .            (no gloves)
SInv    .            (no boots)
Will    .....        (no amulet)
Stlth   +            (no ring)
HPRegen 0.25/turn    (no ring)
MPRegen 0.09/turn

%: no passive effects
@: no status effects
A: thin skeletal structure 1, spiny 1
a: no special abilities


You were on level 3 of the Dungeon.
You visited 1 branch of the dungeon, and saw 3 of its levels.

You collected 137 gold pieces.

Inventory:

Hand Weapons
 a - a +0 long sword (weapon)
Missiles
 d - 2 throwing nets (quivered)
 e - a javelin
Armour
 b - a +0 leather armour
 c - a +0 helmet (worn)
 n - a +0 ring mail
 p - a +0 scale mail (worn)
Jewellery
 g - a ring of protection from fire
Scrolls
 f - 5 scrolls of identify {unknown}
 h - 2 scrolls of fog {unknown}
 i - 2 scrolls of enchant armour {unknown}
 j - a scroll of blinking {unknown}
 l - 2 scrolls of amnesia {unknown}
 m - 2 scrolls of immolation {unknown}
 o - a scroll of enchant weapon {unknown}
Potions
 k - a potion of invisibility {unknown}
 q - 2 potions of curing {unknown}
 r - a potion of haste {unknown}
 s - a potion of magic {unknown}


   Skills:
 + Level 2.2 Fighting
 + Level 3.8 Long Blades
 + Level 2.0 Throwing
 + Level 0.5 Armour
 + Level 3.3 Dodging
 + Level 0.3 Stealth


You had 3 spell levels left.
You didn't know any spells.
Your spell library contained the following spells:

 Spells                   Type           Power      Damage    Failure   Level
 Necrotise                Necr           0%         1d4       82%         1
 Vampiric Draining        Necr           0%         2d6       99%         3
 Agony                    Necr           0%         N/A       100%        5


Dungeon Overview and Level Annotations

Branches:
Dungeon (3/15)

Altars:
Xom


Innate Abilities, Weirdness & Mutations

You have a somewhat thin skeletal structure. (Dex +2, Stealth+)
You are partially covered in sharp spines.


Message History

The adder barely misses you.
You miss the adder.
The adder is moderately wounded.
The adder is struck by your spines.
The adder bites you but does no damage. x2
You closely miss the adder.
The adder is almost dead.
The adder closely misses you.
You hit the adder.
You kill the adder!
Found a stone staircase leading down.
You now have 137 gold pieces (gained 10).
You open the door.
A rat comes into view.
Found 11 gold pieces.
There is an open door here.
Found a clear potion.
The rat is struck by your spines.
You kill the rat!
No target in view!
q - 2 clear potions (gained 1)
An orc comes into view. It is wielding a +0 mace.
An orc is nearby!
A goblin comes into view. It is wielding a +0 dagger.
The goblin shouts! 2 orcs come into view.
Found 6 gold pieces.
The orc shouts!
An orc comes into view.
It is wielding a +1 whip of electrocution.
The orc shouts! x2
The orc shoots a sling bullet.
The sling bullet hits you. The orc barely misses you.
You hit the orc.
The orc is heavily wounded.
The orc shoots a sling bullet.
The sling bullet misses you. The orc hits you but does no damage.
You are electrocuted!
Ouch! That really hurt!
The orc attacks as you move away! The orc hits you but does no damage.
The orc attacks as you move away! The orc is struck by your spines.
The orc hits you but does no damage.
You are electrocuted!
You die...

#
..##.>...........
#
########.......o##
..............$.#
#######.........#
#...........####
#...g...........
........#.....###
.########..o..# #
#.@o..# #..o..#
#........#
...$.....#
#######.#.# .....
##### ##.#. ....#
.. ###.#


You could see 4 orcs.

Vanquished Creatures
  2 adders
  2 worms (D:2)
  An orc (D:2)
  2 endoplasms (D:1)
  2 giant cockroaches
  7 goblins
  8 hobgoblins
  6 jackals
  2 quokkas
  5 ball pythons
  7 bats
  3 frilled lizards
  A kobold (D:2)
  6 rats
54 creatures vanquished.

Notes
Turn   | Place    | Note
-------+----------+-------------------------------------------
     0 | D:1      | rvierbuc the Demonspawn Gladiator began the quest for the
                  | Orb.
     0 | D:1      | Reached XP level 1. HP: 16/16 MP: 1/1
   288 | D:1      | Gained mutation: You have a somewhat thin skeletal
                  | structure. (Dex +2, Stealth+) [demonic ancestry]
   288 | D:1      | Reached XP level 2. HP: 22/22 MP: 2/2
   867 | D:1      | Reached XP level 3. HP: 27/27 MP: 3/3
  1323 | D:2      | Found a shimmering altar of Xom.
  1559 | D:3      | Gained mutation: You are partially covered in sharp spines.
                  | [demonic ancestry]
  1559 | D:3      | Reached XP level 4. HP: 33/33 MP: 4/4
  1701 | D:3      | Slain by an orc

Illustrated notes

Levels and vault maps discovered:
D:1:      lightli_arrival_statue_moat, layout_loops_corners
D:2:      layout_basic, basic_altar
D:3:      layout_basic

Skill      XL: |  1  2 |
---------------+-------+-----
Long Blades    | 3 |  3.8
Throwing       | 2 |  2.0
Dodging        | 3 |  3.3
Fighting       | |  2.2
Armour         | |  0.5
Stealth        | |  0.3

Action                     |  1- 3 |  4- 6 || total
---------------------------+-------+-------++-------
  Melee: Long sword        |   152 |    15 ||   167
  Throw: Throwing net      |     3 |       ||     3
   Stab: Sleeping          |     5 |       ||     5
 Armour: Leather armour    |    24 |       ||    24
         Ring mail         |    23 |       ||    23
         Scale mail        |    13 |     7 ||    20
  Dodge: Dodged            |   127 |    13 ||   140
